AoeStats
← Malelf

Arabia

509303381Analyzed
1v1 RM · 5d ago on Sep 26, 2026· 53m 40s· 2 players
Game mode
Random Map
Map size
Tiny (2 player)
Population
200
Speed
Normal
Resources
Standard
Victory
Conquest
Starting age
Dark Age
Ending age
Imperial Age
RankedLock teamsTeams togetherTeam positionsShared explorationLock speedFull tech treeHidden civsTurbo modeCheats
Victory
Defeat
🇮🇹 Mapuche · Italy
1737
+18
🇻🇳 Vikings · Vietnam
1780
-18
Malelf
6:39 Loom
9:26 Feudal Age
9:46 Champi Runner
10:57 Double-Bit Axe
16:50 Fletching
18:29 Horse Collar
19:45 Padded Archer Armor
23:42 Scale Mail Armor
26:21 Castle Age
26:09 Wheelbarrow
26:25 Champi Warrior
27:46 Bow Saw
27:57 Chain Mail Armor
29:29 Bodkin Arrow
29:47 Gold Mining
37:15 Ballistics
40:48 Imperial Age
39:03 Heavy Plow
39:53 Hand Cart
39:56 Stone Mining
43:32 Conscription
43:29 Forging
44:43 Gold Shaft Mining
44:40 Malon
45:42 Crop Rotation
46:29 Chemistry
45:40 Masonry
46:13 Iron Casting
46:50 Siege Engineers
46:32 Elite Bolas Rider
48:21 Butalmapu
48:34 Elite Kona
50:38 Stone Shaft Mining
51:17 Blast Furnace
50:32 Leather Archer Armor
51:07 Town Watch
baoquanghuy1605
6:35 Loom
9:00 Feudal Age
11:14 Man-at-Arms
16:15 Fletching
25:19 Castle Age
23:40 Double-Bit Axe
23:36 Horse Collar
24:21 Gold Mining
25:15 Scale Barding Armor
28:16 Chain Barding Armor
28:52 Forging
30:40 Forging
34:08 Elite Skirmisher
35:53 Bow Saw
36:21 Gold Shaft Mining
35:50 Bodkin Arrow
38:46 Padded Archer Armor
39:09 Ballistics
39:46 Leather Archer Armor
39:26 Town Watch
44:59 Imperial Age
44:04 Heavy Plow
43:56 Stone Mining
45:45 Bracer
46:50 Chemistry
46:30 Murder Holes
47:08 Ring Archer Armor
46:29 Light Cavalry
47:12 Capped Ram
48:31 Iron Casting
50:04 Coinage
48:59 Cavalier
50:40 Blast Furnace
Connection lost

Rejoining the realm…

Still unreachable

The connection could not be restored.

Session expired

The server has moved on; the page needs a fresh start.